 Dungeon Crawl Stone Soup version 0.25.1-2-g60ff931df9 (webtiles) character file.

Game seed: 9234432899790329258

6048 H0rd4k the Thaumaturge (level 10, 0/50 HPs)
             Began as a Deep Elf Wizard on Aug 20, 2020.
             Was an Initiate of Gozag.
             Slain by a thrashing horror (5 damage)
             ... on level 1 of the Abyss.
             The game lasted 00:33:54 (16206 turns).

H0rd4k the Thaumaturge (Deep Elf Wizard)           Turns: 16206, Time: 00:33:55

Health: 0/50       AC:  8    Str:  4    XL:     10   Next: 57%
Magic:  15/24      EV: 12    Int: 33    God:    Gozag
Gold:   847        SH:  0    Dex:  9    Spells: 27/36 levels left

rFire    + . .     SeeInvis .   (no weapon)
rCold    . . .     Gourm    .   (no shield)
rNeg     . . .     Faith    .   c - +1 leather armour {rF+}
rPois    .         Spirit   .   b - +0 hat
rElec    .         Reflect  .   (no cloak)
rCorr    .         Harm     .   (no gloves)
MR       +....                  (no boots)
Stlth    ++........             (no amulet)
HPRegen  0.16/turn              B - +4 ring of protection
MPRegen  0.19/turn              F - +6 ring of intelligence

@: about to teleport, hasted, very quick
A: [clumsy 2], [low mp 2], [screaming 2]
a: Potion Petition, Call Merchant, Bribe Branch, Renounce Religion


You were on level 1 of the Abyss.
You worshipped Gozag.
Gozag was pleased with you.
You were not hungry.

You visited 2 branches of the dungeon, and saw 12 of its levels.
You visited the Abyss 1 time.

You collected 1405 gold pieces.
You spent 459 gold pieces at shops.
You paid 99 gold pieces to Gozag.

Inventory:

Missiles
 q - 8 atropa-tipped darts (quivered)
 s - 47 poisoned darts
 G - 6 curare-tipped darts
Armour
 a - a +2 pair of gloves
 b - a +0 hat (worn)
 c - a +1 leather armour of fire resistance (worn)
Jewellery
 j - an uncursed ring of protection from cold {unknown}
 t - an uncursed ring of poison resistance
 u - an uncursed ring of protection from fire
 v - a +6 ring of dexterity
 B - a +4 ring of protection (left hand)
 F - a +6 ring of intelligence (right hand)
 I - an uncursed ring of positive energy
 K - a cursed ring of teleportation {unknown}
Wands
 y - a wand of disintegration (19)
 z - a wand of digging (5)
 D - a wand of random effects (33)
 E - a wand of clouds (6)
 H - a wand of acid (6)
 J - a wand of iceblast (9)
Scrolls
 f - 4 scrolls of enchant armour
 g - 7 scrolls of teleportation
 h - a scroll of noise {unknown}
 i - 2 scrolls of amnesia {unknown}
 k - 2 scrolls of blinking {unknown}
 m - 7 scrolls of remove curse
 n - 2 scrolls of fear {unknown}
 r - 2 scrolls of immolation {unknown}
 w - 2 scrolls of magic mapping
Potions
 e - a potion of magic {unknown}
 l - 3 potions of might
 o - 4 potions of curing
 p - a potion of berserk rage
 x - 2 potions of cancellation
 A - a potion of lignification
 C - 3 potions of brilliance
Miscellaneous
 L - a phial of floods
Comestibles
 d - 15 rations


   Skills:
 + Level 4.8 Dodging
 + Level 5.0 Stealth
 + Level 13.8 Spellcasting
 + Level 9.9 Conjurations
   Level 1.1 Summonings
 + Level 3.9 Translocations
 + Level 2.0 Fire Magic
 + Level 2.4 Air Magic
 + Level 3.8 Poison Magic
 + Level 1.0 Evocations


You had 27 spell levels left.
You knew the following spells:

 Your Spells              Type           Power        Failure   Level  Hunger
a - Magic Dart            Conj           ####         1%          1    None
b - Blink                 Tloc           N/A          1%          2    None
c - Conjure Flame         Conj/Fire      ######..     1%          3    None
d - Mephitic Cloud        Conj/Pois/Air  ######..     1%          3    None

Your spell library contained the following spells:

 Spells                   Type           Power        Failure   Level  Hunger
 Gell's Gravitas          Tloc           #####.....   1%          3    None
 Animate Skeleton         Necr           N/A          3%          1    None
 Pain                     Necr           ###.         3%          1    None
 Call Imp                 Summ           ####....     3%          2    None
 Slow                     Hex            ###.....     5%          2    None
 Confusing Touch          Hex            ###.....     11%         3    None
 Vampiric Draining        Necr           ###.......   11%         3    None
 Iskenderun's Battlesphe  Conj/Chrm      ######..     13%         5    None
 Bolt of Magma            Conj/Fire/Erth #####.....   19%         5    None
 Animate Dead             Necr           N/A          34%         4    None
 Petrify                  Tmut/Erth      ###.....     34%         4    None
 Orb of Destruction       Conj           ######....   45%         7    #####..
 Iron Shot                Conj/Erth      ######....   56%         6    ###....
 Agony                    Necr           ###.....     67%         5    None
 Metabolic Englaciation   Hex/Ice        ###.......   67%         5    None
 Yara's Violent Unravell  Hex/Tmut       ###.......   67%         5    None
 Spellforged Servitor     Conj/Summ      ######....   97%         7    #####..


Dungeon Overview and Level Annotations

Branches:
Dungeon (11/15)            Temple (1/1) D:5            Lair (0/6) D:11
    Orc: D:9-12

Altars:
Ashenzari
Cheibriados
Dithmenos
Elyvilon
Fedhas
Gozag
Hepliaklqana
Kikubaaqudgha
Makhleb
Nemelex Xobeh
Okawaru
Qazlal
Ru
Sif Muna
Trog
Uskayaw
Vehumet
Wu Jian
Xom
Yredelemnul
Zin
The Shining One

Shops:
D:6 *(!(   D:11 [(*

Annotations:
D:5 3 runed translucent doors, Ogre's ghost, novice MiBe
D:10 exclusion: 2 downstairs
D:11 Erolcha


Innate Abilities, Weirdness & Mutations

[You are very clumsy. (Dex -4)]
[Your magical capacity is very low. (-20% MP)]
[You sometimes yell uncontrollably at your foes.]


Message History

The thrashing horror tramples you.
You stumble backwards!
The smoke demon gestures at you. Something smites you!
* * * LOW HITPOINT WARNING * * *
Casting: Blink (safe; 1% risk of failure)
Confirm with . or Enter, or press ? or * to list all spells.
You blink.
An iron imp comes into view.
The thrashing horror tramples you.
* * * LOW HITPOINT WARNING * * *
You stumble backwards!
Casting: Blink (safe; 1% risk of failure)
Confirm with . or Enter, or press ? or * to list all spells.
You blink.
You see here a scroll labeled EQYNUEMUFRISS.
Okay, then.
r - 2 scrolls labeled EQYNUEMUFRISS (gained 1)
The thrashing horror tramples you.
You die...
Your body crumbles into a pile of gold.

....##......##.....###.#
...... ...........§#..
.....3...........#....#
.. ....§ .....$...#...##
.................#.. .#
...... ..3.........#..#.#
. . ...............#.#..#
....##......##..X.###...#
.. ##......##..@.# # .#
.. ...............#
................# .. .
............# ....
..............
................#.##
.................. #..
###...#####.## .... ....


You could see a thrashing horror and a smoke demon.

Vanquished Creatures
  Grinder (D:3)
  2 hippogriffs (D:11)
  Sigmund (D:4)
  10 yaks
  2 water moccasins
  Duvessa (D:6)
  A sky beast (D:6)
  An orc warrior (D:7)
  An ice beast (D:6)
  2 necrophages
  4 centaurs
  5 ogres
  2 crocodiles
  3 bullfrogs
  Dowan (D:6)
  4 scorpions
  4 killer bees (D:8)
  7 wights
  2 vampire bats (Abyss:1)
  6 crimson imps
  3 jellies
  A quasit (D:7)
  7 hounds
  2 centaur skeletons
  2 orc priests
  4 orc wizards
  6 iguanas
  Ijyb (D:5)
  8 worker ants
  A hound zombie (D:6)
  A hound skeleton (D:6)
  A worker ant zombie (D:7)
  A howler monkey zombie (D:6)
  7 gnolls
  A howler monkey skeleton (D:9)
  9 adders
  3 shadow imps
  2 oozes
  An adder zombie (D:9)
  An adder skeleton (D:6)
  2 worms
  2 dart slugs
  4 leopard geckos
  19 orcs
  7 bats
  5 giant cockroaches
  3 hobgoblins
  12 jackals
  4 quokkas
  9 frilled lizards
  3 goblins
  7 kobolds
  A quokka skeleton (D:6)
  5 rats
205 creatures vanquished.

Vanquished Creatures (others)
  4 fungi (D:11)
  4 plants (D:11)
  7 starspawn tentacles (Abyss:1)
15 creatures vanquished.

Grand Total: 220 creatures vanquished

Notes
Turn   | Place    | Note
-------+----------+-------------------------------------------
     0 | D:1      | H0rd4k the Deep Elf Wizard began the quest for the Orb.
     0 | D:1      | Reached XP level 1. HP: 10/10 MP: 7/7
   488 | D:1      | Reached XP level 2. HP: 15/15 MP: 6/9
   839 | D:1      | Reached skill level 5 in Spellcasting
  1488 | D:2      | Found a faded altar of an unknown god.
  1569 | D:2      | Reached XP level 3. HP: 6/19 MP: 0/12
  1573 | D:2      | Learned a level 2 spell: Blink
  1577 | D:2      | Learned a level 3 spell: Conjure Flame
  1581 | D:2      | Learned a level 3 spell: Mephitic Cloud
  2227 | D:2      | Found a sparkling altar of Nemelex Xobeh.
  2485 | D:3      | Found a shimmering altar of Xom.
  2498 | D:3      | Reached XP level 4. HP: 24/24 MP: 9/13
  2627 | D:3      | Reached skill level 6 in Spellcasting
  2840 | D:3      | Found a shimmering altar of Xom.
  2843 | D:3      | Found a shimmering altar of Xom.
  2843 | D:3      | Found a shimmering altar of Xom.
  2844 | D:3      | Found a shimmering altar of Xom.
  2844 | D:3      | Found a shimmering altar of Xom.
  2844 | D:3      | Found a shimmering altar of Xom.
  2902 | D:3      | Found a sacrificial altar of Ru.
  3214 | D:3      | Noticed Grinder
  3660 | D:4      | Reached XP level 5. HP: 24/28 MP: 9/16
  3749 | D:4      | Noticed Sigmund
  3923 | D:4      | Found an ancient bone altar of Kikubaaqudgha.
  4175 | D:4      | Reached skill level 7 in Spellcasting
  4355 | D:4      | Noticed an ogre
  4366 | D:4      | Killed an ogre
  4366 | D:4      | Reached XP level 6. HP: 32/32 MP: 4/18
  4791 | D:5      | Entered Level 5 of the Dungeon
  4889 | D:5      | Found a staircase to the Ecumenical Temple.
  4889 | D:5      | Found a runed translucent gate.
  4889 | D:5      | Found a runed translucent gate.
  4889 | D:5      | Found a runed translucent gate.
  4889 | D:5      | Noticed Ogre's ghost (novice MiBe)
  4903 | D:5      | Reached skill level 5 in Conjurations
  4955 | D:5      | Noticed Ijyb
  4959 | D:5      | Killed Ijyb
  4959 | D:5      | Reached XP level 7. HP: 36/36 MP: 12/20
  5113 | D:6      | Reached skill level 8 in Spellcasting
  5126 | D:6      | Found Weups's Distillery.
  5196 | D:6      | Found Zuuvoi's General Store.
  5808 | D:5      | Found a radiant altar of Vehumet.
  5808 | D:5      | Found a snail-covered altar of Cheibriados.
  5863 | D:5      | Reached skill level 9 in Spellcasting
  5944 | D:5      | Found a shadowy altar of Dithmenos.
  6347 | Temple   | Entered the Ecumenical Temple
  6412 | Temple   | Became a worshipper of Gozag Ym Sagoz the Greedy
  6498 | D:6      | Reached XP level 8. HP: 41/41 MP: 15/23
  6646 | D:6      | Reached skill level 1 in Fire Magic
  6856 | D:6      | Reached skill level 10 in Spellcasting
  7032 | D:6      | Bought a potion of haste for 120 gold pieces
  7032 | D:6      | Bought a potion of curing for 36 gold pieces
  7059 | D:6      | Bought a scroll of magic mapping for 42 gold pieces
  7059 | D:6      | Bought a scroll of remove curse for 36 gold pieces
  7066 | D:6      | Found Lucvenoj's Weapon Shop.
  7100 | D:6      | Reached skill level 1 in Poison Magic
  7264 | D:6      | Reached skill level 1 in Air Magic
  7409 | D:6      | Noticed Dowan
  7412 | D:6      | Noticed Duvessa
  7425 | D:6      | Killed Duvessa
  7429 | D:6      | Killed Dowan
  7589 | D:6      | Reached skill level 11 in Spellcasting
  7905 | D:6      | Found Pich's Antique Weapon Shoppe.
  7928 | D:6      | Reached XP level 9. HP: 45/45 MP: 9/26
  8575 | D:7      | Found an iron altar of Okawaru.
 10580 | D:8      | Found a white marble altar of Elyvilon.
 10841 | D:9      | Reached skill level 12 in Spellcasting
 11938 | D:9      | Reached XP level 10. HP: 24/50 MP: 7/28
 12464 | D:10     | Entered Level 10 of the Dungeon
 13761 | D:11     | Noticed Erolcha
 13936 | D:3      | Paralysed by Grinder for 2 turns
 13942 | D:3      | Killed Grinder
 13942 | D:3      | Reached skill level 13 in Spellcasting
 14165 | D:4      | Killed Sigmund
 14581 | D:11     | Found a sparkling altar of Nemelex Xobeh.
 14581 | D:11     | Noticed a gargoyle
 14597 | D:11     | Found Zof Atai's Assorted Antiques.
 15069 | D:11     | Found Nera Ipn's Antique Armour Boutique.
 15072 | D:11     | Bought a pair of runed gloves for 225 gold pieces
 15113 | D:11     | Found Pietus Huwk's Weapon Boutique.
 15442 | D:11     | Found a staircase to the Lair.
 15466 | D:11     | Reached skill level 1 in Evocations
 15493 | D:11     | Reached skill level 5 in Stealth
 15504 | D:11     | Cast into level 1 of the Abyss (Erolcha)
 15622 | Abyss:1  | Noticed a starcursed mass
 15633 | Abyss:1  | Noticed a tentacled starspawn
 15683 | Abyss:1  | Noticed a tentacled starspawn
 15829 | Abyss:1  | Noticed a worldbinder
 15868 | Abyss:1  | Noticed a rakshasa
 15893 | Abyss:1  | Noticed a thrashing horror
 15949 | Abyss:1  | Noticed a wretched star
 15992 | Abyss:1  | Noticed a starcursed mass
 16055 | Abyss:1  | Noticed a tentacled starspawn
 16058 | Abyss:1  | Noticed a necromancer
 16060 | Abyss:1  | Noticed a wretched star
 16098 | Abyss:1  | Noticed a glowing orange brain
 16163 | Abyss:1  | Noticed a worldbinder
 16180 | Abyss:1  | Noticed a thrashing horror
 16189 | Abyss:1  | Noticed a smoke demon
 16191 | Abyss:1  | Noticed an ancient lich
 16206 | Abyss:1  | Slain by a thrashing horror

Illustrated notes

Levels and vault maps discovered:
D:1:      lemuel_arrival_muddy, layout_loops_ring, minmay_misc_feat_columns
D:2:      layout_basic, marbit_many_paths,
          chequers_ecumenical_altar_simple_redux
D:3:      layout_loops_ring, nicolae_ru_great_annihilating_truth,
          xom_redecorated, uniq_grinder
D:4:      layout_basic, kennysheep_little_box, first_ration, uniq_sigmund
D:5:      layout_rooms, nicolae_overflow_crystal_walls,
          grunt_temple_overflow_open, minmay_temple_entry_offerings,
          gammafunk_ghost_nasty_kobolds, uniq_ijyb
D:6:      layout_loops_ring, serial_shops, shop, shop,
          nicolae_shop_behind_doors, shop, serial_bayou_crossing, uniq_duvessa
D:7:      layout_basic, kennysheep_mini_moat
D:8:      layout_layer_cave, elyvilon_altar_4
D:9:      layout_basic
D:10:     layout_basic
D:11:     layout_long_grid, minmay_lair_entry_grove, serial_shops, shop,
          nicolae_shop_temple_entry_statues_fountains, shop, shop, shop,
          basic_altar, grunt_livestock, uniq_erolcha
Temple:   dshaligram_water_room_temple
Abyss:1:  base: D:13, minivault_26, base: D:9, gammafunk_corrupted_shrine,
          hangedman_abyss_batty_box, hangedman_abyss_batty_box, base: D:9,
          hangedman_elemental_corridor

Skill      XL: |  1  2  3  4  5  6  7  8  9 10 |
---------------+-------------------------------+-----
Spellcasting   | 5 6 7 9 11 12 13 | 13.8
Conjurations   | 2 3 4 5 7 9 |  9.9
Dodging        | 3 4 |  4.8
Stealth        | 3 4 5 |  5.0
Fire Magic     | 1 2 |  2.0
Translocations | 2 3 |  3.9
Poison Magic   | 1 3 |  3.8
Air Magic      | 1 2 |  2.4
Evocations     | 1 |  1.0
Summonings     | |  1.1

Action                   |  1- 3 |  4- 6 |  7- 9 | 10-12 || total
-------------------------+-------+-------+-------+-------++-------
Melee: Unarmed           |       |       |       |     2 ||     2
 Cast: Magic Dart        |    94 |   154 |   424 |   185 ||   857
       Conjure Flame     |       |     5 |    26 |    12 ||    43
       Mephitic Cloud    |       |     4 |    21 |    13 ||    38
       Blink             |       |       |    11 |    19 ||    30
Evoke: Wand              |       |       |       |     4 ||     4
  Use: Scroll            |       |       |     9 |     3 ||    12
       Potion            |       |       |       |     2 ||     2
  Eat: Chunk             |     5 |     7 |     1 |       ||    13
       Ration            |       |       |     6 |     4 ||    10
Armor: Robe              |     4 |     1 |    19 |     4 ||    28
       Leather armour    |       |       |       |    37 ||    37
Dodge: Dodged            |    10 |    20 |    75 |    77 ||   182
